 Dungeon Sprint DCSS version 0.30.0-29-ga12c61a403 (webtiles) character file.

Game seed: 13303474368878768105

2109 boopmooplesden the Spear-Bearer (level 9, -1/90 HPs)
             Began as a Black Draconian Berserker on June 24, 2023.
             Was a High Priest of Trog.
             Slain by Urug
             ... wielding a +2 demon trident of electrocution
              (17 damage)
             ... in the Dungeon (Sprint VII: "The Pits").
             The game lasted 00:02:24 (1204 turns).

boopmooplesden the Spear-Bearer (DrBe)              Turns: 1204, Time: 00:02:24

Health: -1/90      AC: 16    Str: 24    XL:     9   Next: 7%
Magic:  9/9        EV: 16    Int:  7    God:    Trog [*****.]
Gold:   0          SH:  0    Dex: 11    Spells: 8/8 levels left

rFire   . . .        p - +2 halberd (protect)
rCold   . . .        (shield currently unavailable)
rNeg    . . .        (body armour unavailable)
rPois   .            (helmet restricted)
rElec   +            q - +0 cloak
rCorr   .            r - +0 pair of gloves
SInv    .            (no boots)
Will    .....        (no amulet)
Stlth   ++           (no ring)
HPRegen 0.35/turn    (no ring)
MPRegen 0.11/turn

%: no teleportation
@: under a protective aura, on berserk cooldown, slowed, very slow
A: breathe lightning, AC +7, unfitting armour, electricity resistance,
cold-blooded
a: Breathe Lightning, Renounce Religion, Berserk, Trog's Hand, Brothers in Arms


You were in the Dungeon.
You worshipped Trog.
Trog was extremely pleased with you.
You visited 1 branch

Inventory:

Hand Weapons
 a - a +0 spear
 h - a +2 trident
 k - a +1 heavy trident
 p - a +2 halberd of protection (weapon)
Armour
 q - a +0 cloak (worn)
 r - a +0 pair of gloves (worn)
Jewellery
 l - a +3 ring of intelligence
 m - a +3 ring of protection
Scrolls
 g - a scroll of blinking
 j - a scroll of butterflies
Potions
 b - 7 potions of curing
 c - 12 potions of heal wounds
 d - a potion of haste
 e - 4 potions of magic
 f - 5 potions of berserk rage
 i - 2 potions of invisibility
 n - 2 potions of might
 o - a potion of resistance


   Skills:
 + Level 11.9 Fighting
 + Level 13.5 Polearms
 + Level 10.6 Dodging
 + Level 4.2 Stealth


You had 8 spell levels left.
You didn't know any spells.
Your spell library was empty.

Dungeon Overview and Level Annotations

Branches:
Dungeon (1/1)

Altars:

Annotations:
D Urug


Innate Abilities, Weirdness & Mutations

You can breathe wild blasts of lightning.
Your glossy black scales are hard. (AC +7)
You cannot fit into any form of body armour.
You are resistant to electric shocks. (rElec)
You are cold-blooded and may be slowed by cold attacks.


Message History

You closely miss Urug. You tail-slap Urug!
Urug is lightly wounded.
The killer bee stings you but does no damage.
You barely miss Urug.
Urug is lightly wounded.
The killer bee closely misses you.
Urug hits you with a +2 demon trident of electrocution!!
The snapping turtle closely misses you.
You slash Urug!
Urug is moderately wounded.
The killer bee barely misses you.
You barely miss Urug.
Urug is moderately wounded.
The killer bee stings you but does no damage.
Urug hits you with a +2 demon trident of electrocution!
The snapping turtle misses you. The killer bee completely misses you.
You impale Urug!!
Urug is heavily wounded.
The killer bee stings you but does no damage.
Urug barely misses you.
You puncture Urug!
Urug is severely wounded.
You are no longer berserk.
You are exhausted.
You feel yourself slow down. The snapping turtle bites you.
The killer bee closely misses you.
You hit Urug but do no damage.
Your tail-slap misses Urug.
Urug is severely wounded.
The killer bee misses you. Urug misses you. The killer bee barely misses you.
The snapping turtle misses you.
You barely miss the snapping turtle. The killer bee misses you. x2
Urug hits you with a +2 demon trident of electrocution.
The snapping turtle bites you.
* * * LOW HITPOINT WARNING * * *
Urug hits you with a +2 demon trident of electrocution!
* * * LOW HITPOINT WARNING * * *
The killer bee closely misses you. The killer bee completely misses you.
The snapping turtle closely misses you.
Urug hits you from afar with a +2 demon trident of electrocution!
You die...

))#####'#####''######
).##.......##''#
))##.......##..#
[[##.......##..# +#
'###...<...##..# #.##
..##.......##..# #...##
..##.......##..## #.....#
####.......##.).##ty....#
..###########...@yoM....+
.############...##......#
.#....#..[.##..## #.....#
)#....#..[.##..# #...##
))....'..))##..# #.##
'#....#...)##..# +#
.#....#..))##..#
################


You could see Urug, a snapping turtle, a guardian mummy and 2 killer bees.

Vanquished Creatures
  A wolf spider (D)
  A gargoyle (D)
  A cane toad (D)
  A troll (D)
  2 fire bats (D)
  A steam dragon (D)
  A warg (D)
  A kobold brigand (D)
  A necrophage (D)
  A bullfrog (D)
  A scorpion (D)
  2 killer bees (D)
  A hound (D)
  A mummy (D)
  A gnoll (D)
  2 river rats (D)
  4 orcs (D)
  A giant cockroach (D)
  A goblin (D)
  2 quokkas (D)
  A ball python zombie (D)
  A frilled lizard (D)
  2 rats (D)
31 creatures vanquished.

Vanquished Creatures (others)
  An adder (D)
1 creature vanquished.

Grand Total: 32 creatures vanquished

Notes
Turn   | Place    | Note
-------+----------+-------------------------------------------
     0 | D        | boopmooplesden the Draconian Berserker began the quest for
                  | the Orb.
     0 | D        | Reached XP level 1. HP: 19/19 MP: 1/1
    48 | D        | Reached XP level 2. HP: 20/28 MP: 2/2
    48 | D        | Reached ** piety under Trog
    49 | D        | Reached skill level 4 in Polearms
   437 | D        | Noticed a scorpion
   440 | D        | Killed a scorpion
   441 | D        | Reached skill level 5 in Polearms
   441 | D        | Reached XP level 3. HP: 37/37 MP: 3/3
   441 | D        | Reached XP level 4. HP: 44/44 MP: 4/4
   442 | D        | Reached *** piety under Trog
   448 | D        | Reached skill level 6 in Polearms
   448 | D        | Reached skill level 5 in Dodging
   448 | D        | Reached skill level 1 in Stealth
   503 | D        | Noticed a necrophage
   504 | D        | Noticed a bullfrog
   514 | D        | Killed a bullfrog
   515 | D        | Reached skill level 7 in Polearms
   515 | D        | Reached XP level 5. HP: 52/52 MP: 5/5
   517 | D        | Reached **** piety under Trog
   523 | D        | Reached skill level 8 in Polearms
   527 | D        | Reached ***** piety under Trog
   540 | D        | Noticed a fire bat
   550 | D        | Killed a fire bat
   551 | D        | Reached skill level 9 in Polearms
   551 | D        | Reached XP level 6. HP: 39/62 MP: 6/6
   821 | D        | Noticed a troll
   826 | D        | Killed a troll
   827 | D        | Reached skill level 10 in Polearms
   827 | D        | Your scales start taking on a glossy black colour.
   827 | D        | Reached XP level 7. HP: 71/71 MP: 7/7
   827 | D        | Gained mutation: You are resistant to electric shocks.
                  | (rElec) [Black Draconian growth]
   828 | D        | Noticed a fire bat
   838 | D        | Reached skill level 10 in Fighting
   842 | D        | Killed a fire bat
   843 | D        | Reached skill level 11 in Polearms
   846 | D        | Received a gift from Trog
   988 | D        | Noticed a gargoyle
   988 | D        | Noticed a cane toad
   993 | D        | Killed a cane toad
   994 | D        | Reached XP level 8. HP: 81/81 MP: 8/8
   995 | D        | Killed a gargoyle
   996 | D        | Reached skill level 12 in Polearms
   996 | D        | Reached skill level 10 in Dodging
  1177 | D        | Noticed a snapping turtle
  1177 | D        | Noticed a guardian mummy
  1177 | D        | Noticed Urug
  1177 | D        | Noticed a wolf spider
  1185 | D        | Killed a wolf spider
  1186 | D        | Reached skill level 13 in Polearms
  1186 | D        | Reached XP level 9. HP: 90/90 MP: 9/9
  1193 | D        | Received a gift from Trog
  1204 | D        | Slain by Urug

Illustrated notes

Levels and vault maps discovered:
D:        pitsprint [storerooms_1, entrance_room_1, metal_vault_3, armoury_1,
          mini_pit_1, grid_room_1, main_hall_1, silver_pit, the_coven_1,
          the_vestibule_1, steel_vault_4, golden_pit, hallway_of_sentries,
          crystal_vault_6, iron_vault_1, final_vault]

Skill      XL: |  1  2  3  4  5  6  7  8 |
---------------+-------------------------+-----
Fighting       | 4 6 7 8 9 10 11 | 11.9
Dodging        | 3 4 5 7 8 9 10 | 10.6
Polearms       | 5 7 9 10 11 13 | 13.5
Stealth        | 1 2 3 4 |  4.2

Action                     |  1- 3 |  4- 6 |  7- 9 || total
---------------------------+-------+-------+-------++-------
  Melee: Trident           |    12 |    29 |    24 ||    65
         Spear             |     2 |       |       ||     2
         Tailslap          |     1 |     3 |     6 ||    10
         Halberd           |       |       |    32 ||    32
 Invoke: Berserk           |     1 |     2 |     2 ||     5
   Stab: Sleeping          |     1 |       |       ||     1
 Armour: Skin              |     3 |     8 |    25 ||    36
  Dodge: Dodged            |     8 |    28 |    46 ||    82
